 Seeded DCSS version 0.28.0-49-g6dfe1f597d (webtiles) character file.

Game seed: 1092837 (custom seed)

112 xaos the Chiller (level 5, -2/37 HPs)
             Began as a Human Wanderer on May 12, 2022.
             Was an Initiate of the Shining One.
             Succumbed to a scorpion's poison
             ... on level 4 of the Dungeon on May 19, 2022.
             The game lasted 00:21:01 (6449 turns).

xaos the Chiller (Human Wanderer)                   Turns: 6449, Time: 00:21:02

Health: -2/37      AC:  7    Str: 16    XL:     5   Next: 16%
Magic:  8/8        EV: 25    Int: 15    God:    the Shining One [......]
Gold:   101        SH:  0    Dex: 14    Spells: 2/8 levels left

rFire   . . .      SeeInvis .   o - +3 whip
rCold   . . .      Faith    .   (no shield)
rNeg    . . .      Spirit   .   p - +0 ring mail
rPois   .          Reflect  .   (no helmet)
rElec   .          Harm     .   c - +0 cloak
rCorr   .          Rampage  .   (no gloves)
Will    .....                   d - +0 pair of boots
Stlth   +.........              i - amulet of the acrobat
HPRegen 0.12/turn               j - +6 ring of strength
MPRegen 0.11/turn               (no ring)

@: lethally poisoned (-2 -> -15), acrobatic, glowing
A: no striking features
a: Renounce Religion


You were on level 4 of the Dungeon.
You worshipped the Shining One.
The Shining One was noncommittal.
You visited 1 branch of the dungeon, and saw 4 of its levels.

You collected 101 gold pieces.

Inventory:

Hand Weapons
 a - a +0 trident
 e - a +0 spear
 l - a +0 shortbow
 o - a +3 whip (weapon)
Armour
 b - a +0 robe
 c - a +0 cloak (worn)
 d - a +0 pair of boots (worn)
 p - a +0 ring mail (worn)
Jewellery
 i - an amulet of the acrobat (around neck)
 j - a +6 ring of strength (left hand)
Wands
 m - a wand of flame (26)
Scrolls
 h - 3 scrolls of identify {unknown}
 k - a scroll of blinking {unknown}
Potions
 f - 2 potions of curing {unknown}
 g - a potion of resistance {unknown}


   Skills:
 + Level 1.5 Fighting
 + Level 0.1 Maces & Flails
 + Level 1.8 Polearms
 + Level 0.1 Armour
 + Level 1.0 Dodging
 + Level 2.2 Stealth
 + Level 2.4 Spellcasting
 + Level 3.3 Transmutations
 + Level 3.5 Ice Magic


You had 2 spell levels left.
You knew the following spells:

 Your Spells              Type           Power      Damage    Failure   Level
a - Beastly Appendage     Tmut           22%        N/A       11%         1
b - Freeze                Ice            48%        1d7       10%         1
c - Frozen Ramparts       Ice            24%        1d4       28%         3
d - Summon Small Mammal   Summ           4%         N/A       38%         1

Your spell library contained the following spells:

 Spells                   Type           Power      Damage    Failure   Level
 Wereblood                Tmut           11%        N/A       16%         2
 Spider Form              Tmut/Pois      6%         N/A       52%         3
 Ignite Poison            Fire/Tmut/Pois 5%         N/A       61%         3
 Call Canine Familiar     Summ           1%         N/A       77%         3
 Dazzling Flash           Conj/Hex       2%         N/A       77%         3
 Summon Guardian Golem    Hex/Summ       1%         N/A       77%         3
 Hailstorm                Conj/Ice       7%         3d4       89%         4
 Agony                    Necr           1%         N/A       100%        5
 Iskenderun's Battlesphe  Conj           1%         2d6       100%        5
 Silence                  Hex/Air        0%         N/A       100%        5
 Iron Shot                Conj/Erth      0%         9d1       100%        6
 Spellforged Servitor     Conj/Summ      0%         N/A       100%        7


Dungeon Overview and Level Annotations

Branches:
Dungeon (4/15)
 Temple: D:4-7

Altars:
Wu Jian
The Shining One


Message History

The kobold hits you with a +0 short sword.
You hit the kobold.
You kill the kobold!
Things that are here:
a +0 short sword; 3 stones A scorpion comes into view.
Found a stone staircase leading up.
Found a pair of embroidered gloves.
You barely miss the scorpion. The scorpion completely misses you.
You barely miss the scorpion. The scorpion barely misses you. x2
You hit the scorpion.
The scorpion is moderately wounded.
The scorpion stings you.
You hit the scorpion.
The scorpion is heavily wounded.
The scorpion barely misses you.
You hit the scorpion.
The scorpion is heavily wounded.
The scorpion stings you!
The scorpion stings you but does no damage.
You hit the scorpion.
The scorpion is severely wounded.
The scorpion barely misses you.
You hit the scorpion.
The scorpion is severely wounded.
The scorpion stings you!
You are poisoned.
The scorpion poisons you!
You barely miss the scorpion.
The scorpion is severely wounded.
You feel very sick. The scorpion stings you.
* * * LOW HITPOINT WARNING * * *
You are lethally poisoned!
The scorpion poisons you! The scorpion stings you!
* * * LOW HITPOINT WARNING * * *
It was a potion of cancellation.
You feel magically purged. The Shining One protects you from harm!
The scorpion stings you but does no damage.
You die...

############ #..........#
#.########.#
#################.#..#.....#
..................#..#.###.#
.....##############..#.#####
####.# #............#.....#
...#..# .###.s.@##.######.#
...........<..............>#
...##..######..#...##.#.##.#
.### ... .....###.##.#.##.#
.# #..######. #....#.)..# ..
#. ########### # #[ #.


You could see a scorpion.

Vanquished Creatures
  An iguana (D:3)
  A hound skeleton (D:4)
  An adder (D:4)
  3 dart slugs
  A worm (D:2)
  2 orcs
  2 endoplasms
  3 giant cockroaches
  6 goblins
  5 hobgoblins
  A quokka (D:2)
  2 ball pythons
  4 bats
  7 frilled lizards
  9 kobolds
  A quokka skeleton (D:4)
  6 rats
55 creatures vanquished.

Notes
Turn   | Place    | Note
-------+----------+-------------------------------------------
     0 | D:1      | xaos the Human Wanderer began the quest for the Orb.
     0 | D:1      | xaos set off with the following items: a +0 dagger, a +0
                  | robe, a +0 cloak; and the following spells available to
                  | memorise: Beastly Appendage, Freeze, Frozen Ramparts,
                  | Spider Form, Ignite Poison
     0 | D:1      | Reached XP level 1. HP: 13/13 MP: 3/3
     2 | D:1      | Learned a level 1 spell: Beastly Appendage
     4 | D:1      | Learned a level 1 spell: Freeze
   852 | D:1      | Reached XP level 2. HP: 9/19 MP: 5/5
  2536 | D:1      | Found an ornate altar of the Wu Jian Council.
  2584 | D:2      | Reached XP level 3. HP: 19/24 MP: 4/6
  3240 | D:2      | Learned a level 3 spell: Frozen Ramparts
  3246 | D:2      | Found a glowing golden altar of the Shining One.
  3254 | D:2      | Became a worshipper of the Shining One
  4887 | D:3      | Reached skill level 1 in Fighting
  4887 | D:3      | Reached skill level 1 in Polearms
  4887 | D:3      | Reached XP level 4. HP: 18/32 MP: 5/7
  5377 | D:3      | Learned a level 1 spell: Summon Small Mammal
  5495 | D:3      | Reached skill level 1 in Dodging
  6069 | D:4      | Reached XP level 5. HP: 34/37 MP: 8/8
  6447 | D:4      | HP: 1/37 [scorpion (8)]
  6448 | D:4      | The Shining One protects you from harm!
  6449 | D:4      | Succumbed to a scorpion's poison

Illustrated notes

Levels and vault maps discovered:
D:1:      dpeg_arrival_lava_altar, layout_basic, chequers_serial_rivers_large_a,
          chequers_serial_rivers_micro_c
D:2:      layout_loops_corners, basic_altar
D:3:      layout_basic, minmay_door_square, chequers_decorated_corner,
          minmay_misc_feat_tiny
D:4:      layout_basic

Skill      XL: |  1  2  3  4 |
---------------+-------------+-----
Fighting       | 1 |  1.5
Polearms       | 1 |  1.8
Dodging        | 1 |  1.0
Maces & Flails | |  0.1
Armour         | |  0.1
Stealth        | |  2.2
Spellcasting   | |  2.4
Transmutations | |  3.3
Ice Magic      | |  3.5

Action                   |  1- 3 |  4- 6 || total
-------------------------+-------+-------++-------
Melee: Spear             |   108 |       ||   108
       Kick              |     2 |       ||     2
       Punch             |     4 |       ||     4
       Headbutt          |     1 |       ||     1
       Whip              |       |    37 ||    37
       Trident           |       |    18 ||    18
 Cast: Beastly Appendage |     5 |     2 ||     7
       Freeze            |    12 |     1 ||    13
Evoke: Wand              |       |     2 ||     2
  Use: Potion            |       |     1 ||     1
 Stab: Sleeping          |     1 |       ||     1
Armor: Robe              |    34 |     1 ||    35
       Ring mail         |       |     8 ||     8
Dodge: Dodged            |   108 |    37 ||   145
